 Dungeon Crawl Stone Soup version 0.18.1-50-g88ac8fd (webtiles) character file.

175 juanjsm the Sneak (level 5, -1/25 HPs)
             Began as a Spriggan Enchanter on Oct 8, 2016.
             Slain by a kobold
             ... wielding a +0 short sword
              (7 damage)
             ... on level 3 of the Dungeon.
             The game lasted 00:11:29 (2975 turns).

juanjsm the Sneak (Spriggan Enchanter)              Turns: 2975, Time: 00:11:30

Health: -1/25      AC:  5    Str:  4    XL:     5   Next: 29%
Magic:  0/12       EV: 19    Int: 16    God:
Gold:   193        SH:  0    Dex: 18    Spells: 4 memorised, 3 levels left

rFire  . . .     SeeInvis +     a - +1 dagger
rCold  . . .     Gourm    .     b - +1 robe
rNeg   . . .     Faith    .     (shield restricted)
rPois  .         Spirit   .     (helmet restricted)
rElec  .         Dismiss  .     (no cloak)
rCorr  .         Reflect  .     (gloves unavailable)
SustAt .         Harm     .     (boots unavailable)
MR     +....                    (no amulet)
Stlth  +++.......               q - ring of protection from magic
                                k - +2 ring of protection

@: very quick, somewhat resistant to hostile enchantments, fairly stealthy
A: unfitting armour, see invisible, herbivore 3, speed 3, slow metabolism 2
a: no special abilities


You were on level 3 of the Dungeon.
You were not hungry.

You visited 1 branch of the dungeon, and saw 3 of its levels.

You collected 193 gold pieces.

Inventory:

Hand Weapons
 a - a +1 dagger (weapon)
Armour
 b - a +1 robe (worn)
Jewellery
 k - a +2 ring of protection (left hand)
 q - a ring of protection from magic (right hand)
Wands
 s - a wand of paralysis (17/24)
Scrolls
 f - 3 scrolls of remove curse {unknown}
 g - a scroll of amnesia {unknown}
 h - 2 scrolls of identify {unknown}
 i - 3 scrolls of teleportation {unknown}
 j - a scroll of recharging {unknown}
 m - 4 scrolls of magic mapping {unknown}
 r - a scroll of fog {unknown}
Potions
 e - a potion of curing {unknown}
 l - 2 potions of brilliance {unknown}
 n - 2 potions of haste {unknown}
 o - a potion of mutation {unknown}
 p - a potion of magic {unknown}
 t - a potion of cancellation {unknown}
Books
 c - a book of Maledictions

   Spells                             Type                      Level
   a - Corona                         Hexes                        1
   b - Ensorcelled Hibernation        Hexes/Ice                    2
   c - Confuse                        Hexes                        3
   d - Tukima's Dance                 Hexes                        3
   e - Dazzling Spray                 Conjuration/Hexes            3
Comestibles
 d - 2 bread rations


   Skills:
 + Level 1.0 Fighting
 + Level 2.5 Short Blades
 + Level 4.0 Dodging
 + Level 5.1 Stealth
 * Level 4.4 Spellcasting
 + Level 4.4 Hexes


You had 3 spell levels left.
You knew the following spells:

 Your Spells              Type           Power        Failure   Level  Hunger
a - Corona                Hex            ###....      2%          1    None
b - Ensorcelled Hibernat  Hex/Ice        ##....       12%         2    ##.....
c - Confuse               Hex            ###.....     10%         3    ###....
d - Dazzling Spray        Conj/Hex       ##....       21%         3    ###....


Dungeon Overview and Level Annotations

Branches:
Dungeon (3/15)

Altars:


Innate Abilities, Weirdness & Mutations

You are tiny and cannot use many weapons and most armour.
You have supernaturally acute eyesight.
You are a herbivore.
You cover ground extremely quickly.
You need consume almost no food.


Message History

The goblin looks drowsy...
The helpless goblin fails to defend itself.
You impale the goblin!!
You kill the goblin!
You hit the kobold but do no damage. The kobold hits you with a dagger.
You closely miss the kobold. The kobold hits you with a dagger.
Casting: Ensorcelled Hibernation
Confirm with . or Enter, or press ? or * to list all spells.
Aiming: Ensorcelled Hibernation
Press: ? - help, Shift-Dir - straight line, f - kobold
Aim: a kobold, wielding a dagger (chance to defeat MR: 79%)
The kobold looks drowsy...
The helpless kobold fails to defend itself.
You impale the kobold!!
You kill the kobold!
You completely miss the kobold. The kobold hits you with a short sword.
* * * LOW HITPOINT WARNING * * *
You are too injured to fight recklessly!
You closely miss the kobold. The kobold hits you with a short sword!
You die...

......#########
......# #.#
'######### #.#
.........# #.#
########.# #.# .#.##
#.## #$# .#... ####
#..# #.#######.....
........#.##
#.#..........#
........#..#
#@#..........#
........##.#
#K#...........
........
#†#####.#...........
........
#.........hKh.......
........
#........####..(####
.... #........# ...#
.... ##.#...).# .h.#
#### #.#.....# ..>#
#.#.....# ....


You could see a kobold.

Vanquished Creatures
  Robin (D:2)
  2 gnolls (D:2)
  4 adders
  2 oozes
  4 dart slugs
  2 giant geckos
  3 orcs (D:3)
  2 ball pythons (D:2)
  A giant cockroach (D:3)
  19 goblins
  10 hobgoblins
  6 jackals
  7 bats
  6 giant newts
  6 kobolds
  10 rats
  A fungus (D:1)
86 creatures vanquished.

Notes
Turn   | Place    | Note
--------------------------------------------------------------
     0 | D:1      | juanjsm the Spriggan Enchanter began the quest for the Orb.
     0 | D:1      | Reached XP level 1. HP: 9/9 MP: 5/5
   216 | D:1      | Reached XP level 2. HP: 13/13 MP: 4/6
   220 | D:1      | Learned a level 2 spell: Ensorcelled Hibernation
   835 | D:1      | Reached XP level 3. HP: 16/16 MP: 0/8
   840 | D:1      | Learned a level 3 spell: Confuse
  1018 | D:2      | Reached XP level 4. HP: 20/21 MP: 1/10
  1738 | D:2      | Learned a level 3 spell: Dazzling Spray
  1756 | D:2      | Noticed Robin
  1973 | D:2      | Reached skill level 5 in Stealth
  1977 | D:2      | Killed Robin
  2825 | D:3      | Reached XP level 5. HP: 25/25 MP: 1/12
  2872 | D:3      | Reached skill level 1 in Fighting
  2975 | D:3      | Slain by a kobold

Skill      XL: |  1  2  3  4  5 |
---------------+----------------+-----
Spellcasting   | 3 4 |  4.4
Hexes          | 4 |  4.4
Short Blades   | 2 |  2.5
Stealth        | 5 |  5.1
Dodging        | 4 |  4.0
Fighting       | 1 |  1.0

Action                   |  1- 3 |  4- 6 || total
-------------------------+-------+-------++-------
Melee: Dagger            |   129 |   162 ||   291
 Cast: Corona            |     8 |       ||     8
       Ensorcelled Hiber |    18 |    36 ||    54
       Confuse           |       |     1 ||     1
 Stab: Sleeping          |    18 |    32 ||    50
       Distracted        |       |     2 ||     2
       Confused          |       |     1 ||     1
  Eat: Bread ration      |       |     1 ||     1
Armor: Robe              |    15 |     6 ||    21
Dodge: Dodged            |    72 |   127 ||   199
